 Dungeon Crawl Stone Soup version 0.31-a0-234-gad7ace16ef (webtiles) character file.

Game seed: 17211763252047214359

86 Ijustatesigmund the Stinger (level 4, -1/28 HPs)
             Began as an Octopode Venom Mage on July 10, 2023.
             Killed by divine providence
             ... invoked by an orc priest
              (10 damage)
             ... on level 4 of the Dungeon.
             The game lasted 00:03:32 (2343 turns).

Ijustatesigmund the Stinger (Octopode Venom Mage)   Turns: 2343, Time: 00:03:33

Health: -1/28      AC:  1    Str:  7    XL:     4   Next: 50%
Magic:  5/8        EV: 13    Int: 19    God:
Gold:   103        SH:  0    Dex: 12    Spells: 2/8 levels left

rFire   . . .        h - +0 spear
rCold   . . .        (no shield)
rNeg    . . .        (helmet restricted)
rPois   .            j - amulet of regeneration
rElec   .            (no ring)
rCorr   .            (no ring)
SInv    .            (no ring)
Will    .....        (no ring)
Stlth   +++          (no ring)
HPRegen 1.04/turn    (no ring)
MPRegen 0.11/turn    (no ring)
                     (no ring)

%: no passive effects
@: no status effects
A: almost no armour, amphibious, 8 rings, camouflage 1, gelatinous body 1,
(nimble swimmer 1), tentacles
a: no special abilities


You were on level 4 of the Dungeon.
You visited 1 branch of the dungeon, and saw 4 of its levels.

You collected 145 gold pieces.
You spent 42 gold pieces at shops.

Inventory:

Hand Weapons
 h - a +0 spear (weapon)
Jewellery
 j - an amulet of regeneration (around mantle)
Scrolls
 b - a scroll of brand weapon {unknown}
 e - a scroll of identify {unknown}
 f - a scroll of noise {unknown}
 k - 2 scrolls of fog
 l - a scroll of teleportation {unknown}
 m - a scroll of acquirement {unknown}
Potions
 a - a potion of magic
 c - a potion of resistance {unknown}
 d - a potion of enlightenment {unknown}
 g - a potion of attraction {unknown}
 i - a potion of curing


   Skills:
 - Level 1.1 Fighting
 - Level 2.0 Dodging
 - Level 2.6 Stealth
 + Level 2.7 Spellcasting
 + Level 1.2 Conjurations
 - Level 1.0 Transmutations
 + Level 1.5 Air Magic
 + Level 4.4 Poison Magic


You had 2 spell levels left.
You knew the following spells:

 Your Spells              Type           Power      Damage    Failure   Level
a - Sting                 Tmut/Pois      48%        1d5       5%          1
b - Poisonous Vapours     Pois/Air       26%        N/A       7%          2
c - Mephitic Cloud        Conj/Pois/Air  11%        N/A       17%         3

Your spell library contained the following spells:

 Spells                   Type           Power      Damage    Failure   Level
 Olgreb's Toxic Radiance  Pois           19%        N/A       26%         4


Dungeon Overview and Level Annotations

Branches:
Dungeon (4/15)
 Temple: D:4-7

Altars:
Elyvilon
Xom

Shops:
D:2 *

Annotations:
D:3 Grinder


Innate Abilities, Weirdness & Mutations

You cannot wear most types of armour.
You are amphibious.
You can wear up to eight rings at the same time.
Your skin changes colour to match your surroundings (Stealth+).
Your rubbery body absorbs attacks. (AC +1, EV +1)
((You are camouflaged when in or above water. (Stealth+)))
You have tentacles for arms and can constrict up to eight enemies at once.


Message History

The ball explodes into a vile cloud!
The stinking cloud engulfs something but does no damage.
You hear a shout!
You hear an angry hiss.
An iguana, an orc wizard and an orc priest come into view.
The orc priest is wielding a +3 flail of holy wrath.
Something barely misses you.
You hit something but do no damage. Something hits you but does no damage.
You reach to attack!
You barely miss the orc priest.
You hear some strange, mumbled words.
A magic dart appears from out of thin air!
The magic dart hits you!
You reach to attack!
You hit the orc priest.
The orc priest is moderately wounded.
You hear some strange, mumbled words.
A magic dart appears from out of thin air!
The magic dart hits you.
You barely miss the orc priest. You grab the orc priest.
You squeeze the orc priest!
The orc priest is severely wounded.
You constrict the orc priest.
The orc wizard points at you and mumbles some strange words.
The puff of flame hits something!
Reactivating autopickup.
You feel a bit more experienced. The orc priest barely misses you.
You hit the orc priest but do no damage.
The orc priest is severely wounded.
You constrict the orc priest.
The orc priest hits you with a +3 flail of holy wrath.
The iguana bites you!
* * * LOW HITPOINT WARNING * * *
The iguana completely misses you.
The orc priest escapes!
You feel better.
The orc priest calls down the wrath of Beogh upon you.
You barely resist. The iguana bites you!
* * * LOW HITPOINT WARNING * * *
You feel better.
The orc wizard hits you with a +0 dagger.
The orc priest invokes the aid of Beogh against you.
Beogh smites you!
You die...

.. #.# ##.. .
#..# ... ##..
....###..#
.[......†#
.......lo##
.....###@o# <..
#..## .
##..####
#.....# .
##..####
..####..## ###
........# ##.#
#.......####.##
##...>..##...#


You could see an iguana, an orc priest and an orc wizard.

Vanquished Creatures
  An adder (D:2)
  2 worms (D:2)
  3 dart slugs
  A bat (D:1)
  5 endoplasms
  2 giant cockroaches
  6 goblins
  9 hobgoblins
  7 jackals
  2 kobolds
  A quokka (D:1)
  3 ball pythons
  5 frilled lizards
  5 rats
52 creatures vanquished.

Vanquished Creatures (others)
  An orc wizard (D:4)
1 creature vanquished.

Grand Total: 53 creatures vanquished

Notes
Turn   | Place    | Note
-------+----------+-------------------------------------------
     0 | D:1      | Ijustatesigmund the Octopode Venom Mage began the quest for
                  | the Orb.
     0 | D:1      | Reached XP level 1. HP: 11/11 MP: 3/3
   143 | D:1      | Reached XP level 2. HP: 18/18 MP: 0/5
   146 | D:1      | Learned a level 2 spell: Poisonous Vapours
   331 | D:1      | Reached skill level 1 in Fighting
   549 | D:1      | Reached skill level 4 in Poison Magic
   900 | D:1      | Reached XP level 3. HP: 23/23 MP: 3/6
   904 | D:1      | Learned a level 3 spell: Mephitic Cloud
  1268 | D:2      | Found a shimmering altar of Xom.
  1418 | D:2      | Reached skill level 1 in Air Magic
  1546 | D:2      | Found a faded altar of an unknown god.
  1695 | D:2      | Found Pakhacu's General Store.
  1699 | D:2      | Bought a potion of curing for 42 gold pieces
  1794 | D:2      | Reached skill level 1 in Conjurations
  1794 | D:2      | Reached XP level 4. HP: 28/28 MP: 4/7
  1974 | D:3      | Noticed Grinder
  2189 | D:4      | Found a white marble altar of Elyvilon.
  2343 | D:4      | Killed from afar by an orc priest

Illustrated notes

Levels and vault maps discovered:
D:1:      minmay_arrival_stair_chambers, layout_basic
D:2:      layout_basic, dreamdust_ecumenical_altar_hidden_monk_grotto,
          serial_shops, nicolae_shop_back_alley_shop, basic_altar
D:3:      layout_basic, grunt_decor_one_mirror, kennysheep_jessica_study,
          uniq_grinder
D:4:      layout_layer_cave, mainiacjoe_overflow_chevrons,
          minmay_temple_entry_statues_fountains, kennysheep_small_circle

Skill      XL: |  1  2  3 |
---------------+----------+-----
Fighting       | 1 |  1.1
Poison Magic   | 4 |  4.4
Air Magic      | 1 |  1.5
Conjurations   | 1 |  1.2
Dodging        | |  2.0
Stealth        | |  2.6
Spellcasting   | |  2.7
Transmutations | |  1.0

Action                     |  1- 3 |  4- 6 || total
---------------------------+-------+-------++-------
  Melee: Unarmed           |    35 |       ||    35
         Tentacles         |    16 |     7 ||    23
         Constrict         |    18 |    11 ||    29
         Punch             |     1 |     1 ||     2
         Spear             |    46 |    39 ||    85
   Cast: Sting             |    12 |     2 ||    14
         Poisonous Vapours |    19 |     5 ||    24
         Mephitic Cloud    |       |     2 ||     2
    Use: Scroll            |     1 |       ||     1
         Potion            |       |     2 ||     2
   Stab: Sleeping          |     2 |     1 ||     3
 Armour: Skin              |     6 |     5 ||    11
  Dodge: Dodged            |    49 |    30 ||    79

Table legend: (Time is in decaauts)
 A = Elapsed time spent in this place.
 B = Non-inter-level travel time spent in this place.
 C = Inter-level travel time spent in this place.
 D = Time resting spent in this place.
 E = Time spent auto-exploring this place.
 F = Levels seen in this place.
 G = Mean time per level.
                   A        B        C        D        E       F      G
               +--------+--------+--------+--------+--------+-----+--------+
         Total |   2352 |   2319 |     33 |    352 |   1616 |   4 |  588.0 |
       Dungeon |   2352 |   2319 |     33 |    352 |   1616 |   4 |  588.0 |
               +--------+--------+--------+--------+--------+-----+--------+

Top non-repeatable levels by time:
     D:1: 1167 daAuts
     D:2: 753 daAuts
     D:4: 359 daAuts
     D:3: 71 daAuts
